EL
FRISCO ROUGHRIDERS @ PORTLAND SEA DOGS
08/30/2049
 
TOP OF THE 1ST
Frisco RoughRiders batting - Pitching for Portland Sea Dogs : RHP Su-wu Yang
Pitching: RHP Su-wu Yang
Batting: LHB Yoshinari Nara 0-0: Swinging Strike
0-1: Swinging Strike
0-2: Foul Ball, location: 2F
0-2: Ball
1-2: Strikes out swinging
Batting: LHB Josh Stuck 0-0: Ball
1-0: Ball
2-0: Ball
3-0: Base on Balls
Batting: RHB Chance Lamb 0-0: Foul Ball, location: 2F
0-1: Foul Ball, location: 2F
0-2: Foul Ball, location: 2F
0-2: Foul Ball, location: 2F
0-2: Foul Ball, location: 2F
0-2: Ball
1-2: Ball
2-2: Foul Ball, location: 2F
2-2: 2-RUN HOME RUN (Flyball, 78XD, EV 102.5 MPH), Distance : 414 ft
Batting: LHB Jody Hudson 0-0: Ball
1-0: Ball
2-0: Called Strike
2-1: Ball
3-1: Foul Ball, location: 2F
3-2: SOLO HOME RUN (Flyball, 7LD, EV 98.1 MPH), Distance : 382 ft
Batting: LHB Joseph Martin 0-0: Foul Ball, location: 2F
0-1: Ball
1-1: Ball
2-1: Ball
3-1: Ground out 6-3 (Groundball, 6M, EV 105.0 MPH)
Batting: RHB Wally Cangro 0-0: Foul Ball, location: 2F
0-1: SINGLE (Groundball, 25, EV 77.5 MPH) (infield hit)
Batting: RHB Matt Sanders 0-0: Ball
Wally Cangro steals 2nd base
1-0: Ball
2-0: Ball
Wild Pitch!
Wally Cangro to third
3-0: Base on Balls
Batting: RHB Jordan Fairburn 0-0: Called Strike
0-1: Called Strike
0-2: DOUBLE (Groundball, 3L, EV 108.1 MPH)
Wally Cangro scores
Matt Sanders to third
Runner from 3rd tries for Home, SAFE, no throw by RF
Batting: RHB Luis Arce 0-0: SINGLE (Groundball, 6D, EV 95.0 MPH)
Jordan Fairburn to third
Runner from 3rd tries for Home, SAFE, throw by CF to home
Pitching: RHP Riley Pooley
Batting: LHB Yoshinari Nara 0-0: Called Strike
0-1: Foul Ball, location: 2F
0-2: Ball
1-2: Strikes out swinging
Top of the 1st over - 6 runs, 5 hits, 0 errors, 1 left on base; Frisco 6 - Portland 0
BOTTOM OF THE 1ST
Portland Sea Dogs batting - Pitching for Frisco RoughRiders : RHP Kalititi Haki
Pitching: RHP Kalititi Haki
Batting: RHB Sal Rivera 0-0: Ball
1-0: Ball
2-0: Ball
3-0: Base on Balls
Batting: RHB Mike Batko 0-0: Called Strike
Sal Rivera steals 2nd base
0-1: Swinging Strike
0-2: Ball
1-2: SINGLE (Line Drive, 7S, EV 90.0 MPH)
Sal Rivera to third
Runner from 3rd tries for Home, SAFE, throw by LF to home
Batting: RHB Ernie Genier 0-0: Ball
1-0: Fly out, F7 (Flyball, 7D, EV 103.1 MPH)
Batting: RHB Travis Campbell 0-0: Ball
1-0: Called Strike
1-1: Ball
2-1: Fielders Choice at 2nd, 5-4 (Groundball, 56, EV 86.2 MPH)
Batting: RHB Miguel Villanueva 0-0: Foul Ball, location: 2F
0-1: Called Strike
0-2: Fielders Choice at 2nd, 5-4 (Groundball, 56, EV 88.1 MPH)
Bottom of the 1st over - 1 run, 1 hit, 0 errors, 1 left on base; Frisco 6 - Portland 1
TOP OF THE 2ND
Frisco RoughRiders batting - Pitching for Portland Sea Dogs : RHP Riley Pooley
Batting: LHB Josh Stuck 0-0: Foul Ball, location: 2F
0-1: Foul Ball, location: 2F
0-2: Strikes out swinging
Batting: RHB Chance Lamb 0-0: Swinging Strike
0-1: Called Strike
0-2: Ball
1-2: Ground out U3 (Groundball, 34, EV 104.4 MPH)
Batting: LHB Jody Hudson 0-0: Swinging Strike
0-1: Ball
1-1: Ball
2-1: Ball
3-1: Foul Ball, location: 2F
3-2: DOUBLE (Line Drive, 7LD, EV 102.5 MPH)
Batting: LHB Joseph Martin 0-0: Called Strike
0-1: Ball
1-1: Foul Ball, location: 2F
1-2: Ball
2-2: DOUBLE (Flyball, 8LXD, EV 103.1 MPH)
Jody Hudson scores
Batting: RHB Wally Cangro 0-0: Hit by Pitch
Batting: RHB Matt Sanders 0-0: Ball
1-0: Called Strike
1-1: Foul Ball, location: 2F
1-2: Ball
2-2: Foul Ball, location: 2F
2-2: Ball
3-2: Fly out, F1 (Line Drive, P, EV 73.1 MPH)
Top of the 2nd over - 1 run, 2 hits, 0 errors, 2 left on base; Frisco 7 - Portland 1
BOTTOM OF THE 2ND
Portland Sea Dogs batting - Pitching for Frisco RoughRiders : RHP Kalititi Haki
Batting: LHB Keith Rice 0-0: Foul Ball, location: 2F
0-1: Ball
1-1: Swinging Strike
1-2: Fly out, F9 (Flyball, 9D, EV 83.8 MPH)
Batting: LHB Dave Reyes 0-0: Ground out 4-3 (Groundball, 4S, EV 94.4 MPH)
Batting: RHB Raul Sanchez 0-0: Ball
1-0: Ball
2-0: Foul Ball, location: 2F
2-1: Ball
3-1: Foul Ball, location: 2F
3-2: Strikes out looking
Bottom of the 2nd over - 0 runs, 0 hits, 0 errors, 0 left on base; Frisco 7 - Portland 1
TOP OF THE 3RD
Frisco RoughRiders batting - Pitching for Portland Sea Dogs : RHP Riley Pooley
Batting: RHB Jordan Fairburn 0-0: Ball
1-0: Called Strike
1-1: Ball
2-1: Ground out 3-1 (Groundball, 34S, EV 90.6 MPH)
Batting: RHB Luis Arce 0-0: Called Strike
0-1: SINGLE (Groundball, 5S, EV 65.6 MPH) (infield hit)
Pitching: LHP David Schultz
Batting: LHB Yoshinari Nara 0-0: Called Strike
0-1: Foul Ball, location: 2F
0-2: Ball
1-2: Strikes out looking
Batting: LHB Josh Stuck 0-0: Ball
Luis Arce steals 2nd, throwing error, E2
Luis Arce to third
1-0: Ground out 4-3 (Groundball, 4, EV 100.0 MPH)
Top of the 3rd over - 0 runs, 1 hit, 1 error, 1 left on base; Frisco 7 - Portland 1
BOTTOM OF THE 3RD
Portland Sea Dogs batting - Pitching for Frisco RoughRiders : RHP Kalititi Haki
Batting: RHB Frank Sokolosky 0-0: Foul Ball, location: 2F
0-1: Ground out 5-3 (Groundball, 5D, EV 93.8 MPH)
Batting: RHB Sal Rivera 0-0: Foul Ball, location: 2F
0-1: Swinging Strike
0-2: Strikes out swinging
Batting: RHB Mike Batko 0-0: Called Strike
0-1: Ball
1-1: Called Strike
1-2: Foul Ball, location: 2F
1-2: SINGLE (Line Drive, 3D, EV 102.5 MPH)
Batting: RHB Ernie Genier 0-0: Swinging Strike
0-1: Ball
1-1: Ball
2-1: Ball
3-1: Fly out, F9 (Line Drive, 89M, EV 100.6 MPH)
Bottom of the 3rd over - 0 runs, 1 hit, 0 errors, 1 left on base; Frisco 7 - Portland 1
TOP OF THE 4TH
Frisco RoughRiders batting - Pitching for Portland Sea Dogs : LHP David Schultz
Batting: RHB Chance Lamb 0-0: Swinging Strike
0-1: Fly out, F8 (Flyball, 8LM, EV 89.4 MPH)
Batting: LHB Jody Hudson 0-0: Ball
1-0: Foul Ball, location: 2F
1-1: Foul Ball, location: 2F
1-2: Ball
2-2: DOUBLE (Flyball, 8LXD, EV 104.4 MPH)
Batting: LHB Joseph Martin 0-0: Foul Ball, location: 2F
0-1: Swinging Strike
0-2: Ball
1-2: Strikes out swinging
Batting: RHB Wally Cangro 0-0: Called Strike
0-1: Called Strike
0-2: Strikes out looking
Top of the 4th over - 0 runs, 1 hit, 0 errors, 1 left on base; Frisco 7 - Portland 1
BOTTOM OF THE 4TH
Portland Sea Dogs batting - Pitching for Frisco RoughRiders : RHP Kalititi Haki
Batting: RHB Travis Campbell 0-0: Foul Ball, location: 2F
0-1: SINGLE (Groundball, 56D, EV 105.6 MPH)
Batting: RHB Miguel Villanueva 0-0: Called Strike
0-1: Ball
1-1: Ball
2-1: Ball
3-1: Grounds into double play, 6-4-3 (Groundball, 6, EV 103.8 MPH)
Batting: LHB Keith Rice 0-0: Ball
1-0: Called Strike
1-1: Swinging Strike
1-2: Foul Ball, location: 2F
1-2: Ground out 6-3 (Groundball, 6M, EV 86.9 MPH)
Bottom of the 4th over - 0 runs, 1 hit, 0 errors, 0 left on base; Frisco 7 - Portland 1
TOP OF THE 5TH
Frisco RoughRiders batting - Pitching for Portland Sea Dogs : LHP David Schultz
Batting: RHB Matt Sanders 0-0: Ball
1-0: Foul Ball, location: 2F
1-1: Called Strike
1-2: Foul Ball, location: 2F
1-2: Ball
2-2: Foul Ball, location: 2F
2-2: Ground out 6-3 (Groundball, 6, EV 103.1 MPH)
Batting: RHB Jordan Fairburn 0-0: Swinging Strike
0-1: Foul Ball, location: 2F
0-2: Strikes out swinging
Batting: RHB Luis Arce 0-0: SOLO HOME RUN (Flyball, 7LD, EV 100.0 MPH), Distance : 381 ft
Batting: LHB Yoshinari Nara 0-0: Ball
1-0: Ball
2-0: Called Strike
2-1: Ground out 5-3 (Groundball, 56, EV 86.9 MPH)
Top of the 5th over - 1 run, 1 hit, 0 errors, 0 left on base; Frisco 8 - Portland 1
BOTTOM OF THE 5TH
Portland Sea Dogs batting - Pitching for Frisco RoughRiders : RHP Kalititi Haki
Batting: LHB Dave Reyes 0-0: Foul Ball, location: 2F
0-1: Ground out 4-3 (Groundball, 4, EV 101.2 MPH)
Batting: RHB Raul Sanchez 0-0: Ball
1-0: Ball
2-0: Ball
3-0: Called Strike
3-1: Fly out, F8 (Line Drive, 8LM, EV 91.9 MPH)
Batting: RHB Frank Sokolosky 0-0: Ball
1-0: Called Strike
1-1: Swinging Strike
1-2: Ball
2-2: Foul Ball, location: 2F
2-2: Fly out, F8 (Flyball, 89M, EV 90.0 MPH)
Bottom of the 5th over - 0 runs, 0 hits, 0 errors, 0 left on base; Frisco 8 - Portland 1
TOP OF THE 6TH
Frisco RoughRiders batting - Pitching for Portland Sea Dogs : LHP David Schultz
Batting: LHB Josh Stuck 0-0: Ball
1-0: Swinging Strike
1-1: Called Strike
1-2: Ball
2-2: Ball
3-2: Foul Ball, location: 2F
3-2: Foul Ball, location: 2F
3-2: Foul Ball, location: 2F
3-2: DOUBLE (Line Drive, 78D, EV 107.5 MPH)
Pitching: LHP Jon Convery
Batting: RHB Chance Lamb 0-0: Ball
1-0: Called Strike
1-1: Foul Ball, location: 2F
1-2: Strikes out swinging
Batting: LHB Jody Hudson 0-0: Ball
1-0: Foul Ball, location: 2F
1-1: Ball
2-1: Foul Ball, location: 2F
2-2: Ground out 6-3 (Groundball, 6, EV 84.4 MPH)
Josh Stuck to third
Batting: LHB Joseph Martin 0-0: Ball
1-0: Ball
2-0: Called Strike
2-1: Ball
3-1: Foul Ball, location: 2F
3-2: Base on Balls
Batting: RHB Wally Cangro 0-0: Ball
1-0: SINGLE (Groundball, 34D, EV 106.2 MPH)
Josh Stuck scores
Joseph Martin to second
Runner from 2nd tries for 3rd, SAFE, throw by RF made to third
Batting: RHB Matt Sanders 0-0: Ball
1-0: Ball
2-0: Ball
3-0: Called Strike
3-1: Base on Balls
Wally Cangro to second
Batting: RHB Jordan Fairburn 0-0: Ball
1-0: SINGLE (Line Drive, 8RS, EV 110.0 MPH)
Joseph Martin scores
Wally Cangro to third
Matt Sanders to second
Runner from 3rd tries for Home, SAFE, throw by CF to home
Batting: RHB Luis Arce 0-0: Called Strike
0-1: 3-RUN HOME RUN (Line Drive, 78XD, EV 116.2 MPH), Distance : 436 ft
Pitching: RHP Aaron Brannon
Batting: LHB Yoshinari Nara 0-0: Ball
1-0: Swinging Strike
1-1: Called Strike
1-2: Strikes out swinging
Top of the 6th over - 6 runs, 4 hits, 0 errors, 0 left on base; Frisco 14 - Portland 1
BOTTOM OF THE 6TH
Portland Sea Dogs batting - Pitching for Frisco RoughRiders : RHP Kalititi Haki
Batting: RHB Sal Rivera 0-0: Swinging Strike
0-1: Swinging Strike
0-2: Strikes out swinging
Batting: RHB Mike Batko 0-0: SINGLE (Groundball, 5D, EV 95.6 MPH)
Batting: RHB Ernie Genier 0-0: Ball
Wild Pitch!
Mike Batko to second
1-0: Called Strike
1-1: Called Strike
1-2: 2-RUN HOME RUN (Line Drive, 89XD, EV 107.5 MPH), Distance : 415 ft
Batting: RHB Travis Campbell 0-0: Called Strike
0-1: Ball
1-1: Ground out 4-3 (Groundball, 4, EV 80.6 MPH)
Batting: RHB Miguel Villanueva 0-0: Ball
1-0: Ball
2-0: Foul Ball, location: 2F
2-1: Ball
3-1: Called Strike
3-2: Foul Ball, location: 2F
3-2: SINGLE (Groundball, 23, EV 61.9 MPH) (infield hit)
Batting: LHB Keith Rice 0-0: Ball
1-0: Swinging Strike
1-1: Ball
2-1: Fly out, F9 (Line Drive, 89M, EV 99.4 MPH)
Bottom of the 6th over - 2 runs, 3 hits, 0 errors, 1 left on base; Frisco 14 - Portland 3
TOP OF THE 7TH
Frisco RoughRiders batting - Pitching for Portland Sea Dogs : RHP Aaron Brannon
Batting: LHB Josh Stuck 0-0: Reached on error, E4 (Groundball, 4, EV 84.4 MPH)
Batting: RHB Chance Lamb 0-0: Ball
1-0: Foul Ball, location: 2F
1-1: Ball
2-1: Ball
3-1: Ground out 5-3 (Groundball, 56S, EV 91.2 MPH)
Batting: LHB Jody Hudson 0-0: Ball
1-0: Fly out, F7 (Flyball, 7D, EV 95.0 MPH)
Runner from 2nd tags up, SAFE at 3rd, no throw by LF
Batting: LHB Joseph Martin 0-0: Foul Ball, location: 2F
0-1: Ball
1-1: Called Strike
1-2: Strikes out looking
Top of the 7th over - 0 runs, 0 hits, 1 error, 1 left on base; Frisco 14 - Portland 3
BOTTOM OF THE 7TH
Portland Sea Dogs batting - Pitching for Frisco RoughRiders : RHP Kalititi Haki
Batting: LHB Dave Reyes 0-0: Ball
1-0: Ball
2-0: Fly out, F7 (Flyball, 78M, EV 89.4 MPH)
Batting: RHB Raul Sanchez 0-0: Called Strike
0-1: Fly out, F9 (Line Drive, 89M, EV 102.5 MPH)
Batting: RHB Frank Sokolosky 0-0: DOUBLE (Groundball, 5L, EV 104.4 MPH)
Batting: RHB Sal Rivera 0-0: Ball
1-0: Ball
2-0: Ball
3-0: Base on Balls
Batting: RHB Mike Batko 0-0: Foul Ball, location: 2F
0-1: Ball
Wild Pitch!
Frank Sokolosky to third
Sal Rivera to second
1-1: Ball
2-1: Swinging Strike
2-2: Ground out 6-3 (Groundball, 56, EV 84.4 MPH)
Bottom of the 7th over - 0 runs, 1 hit, 0 errors, 2 left on base; Frisco 14 - Portland 3
TOP OF THE 8TH
Frisco RoughRiders batting - Pitching for Portland Sea Dogs : RHP Aaron Brannon
Batting: RHB Wally Cangro 0-0: Ball
1-0: Foul Ball, location: 2F
1-1: Fly out, F9 (Flyball, 9, EV 81.9 MPH)
Pinch Hitting: SHB Seung-ho Zhang 0-0: Ball
1-0: Ball
2-0: SINGLE (Groundball, 4MS, EV 66.2 MPH) (infield hit)
Batting: RHB Jordan Fairburn 0-0: Ball
1-0: Ball
Wild Pitch!
Seung-ho Zhang to second
2-0: Called Strike
2-1: Called Strike
2-2: Foul Ball, location: 2F
2-2: Ball
3-2: Ground out 4-3 (Groundball, 34, EV 90.0 MPH)
Seung-ho Zhang to third
Batting: RHB Luis Arce 0-0: Ball
1-0: Swinging Strike
1-1: Ball
2-1: Fly out, F7 (Flyball, 7LSF, EV 83.1 MPH)
Top of the 8th over - 0 runs, 1 hit, 0 errors, 1 left on base; Frisco 14 - Portland 3
BOTTOM OF THE 8TH
Portland Sea Dogs batting - Pitching for Frisco RoughRiders : RHP Kalititi Haki
Pitching: RHP Aaron Munt
Now in CF: Seung-ho Zhang
Batting: RHB Ernie Genier 0-0: Called Strike
0-1: Swinging Strike
0-2: Foul Ball, location: 2F
0-2: SINGLE (Groundball, 4D, EV 101.2 MPH)
Batting: RHB Travis Campbell 0-0: Ball
1-0: Foul Ball, location: 2F
1-1: Foul Ball, location: 2F
1-2: Ball
2-2: Grounds into double play, 6-4-3 (Groundball, 6M, EV 91.2 MPH)
Pinch Hitting: LHB Julian Toney 0-0: Ball
1-0: Foul Ball, location: 2F
1-1: Fly out, F7 (Flyball, 7LMF, EV 91.2 MPH)
Bottom of the 8th over - 0 runs, 1 hit, 0 errors, 0 left on base; Frisco 14 - Portland 3
TOP OF THE 9TH
Frisco RoughRiders batting - Pitching for Portland Sea Dogs : RHP Aaron Brannon
Now in RF: Julian Toney
Batting: LHB Yoshinari Nara 0-0: Called Strike
0-1: Swinging Strike
0-2: Ball
1-2: Ball
2-2: Ball
3-2: Foul Ball, location: 2F
3-2: Base on Balls
Pitching: RHP Chris Cory
Batting: LHB Josh Stuck 0-0: Ball
1-0: Reached on error, E3 (Groundball, 3, EV 89.4 MPH)
Yoshinari Nara to second
Batting: RHB Chance Lamb 0-0: Ball
1-0: Foul Ball, location: 2F
1-1: Ball
2-1: Foul Ball, location: 2F
2-2: Strikes out swinging
Batting: LHB Jody Hudson 0-0: Ball
1-0: Fly out, F8 (Flyball, 8LD, EV 101.2 MPH)
Batting: LHB Joseph Martin 0-0: Ball
1-0: Swinging Strike
1-1: DOUBLE (Line Drive, 89XD, EV 105.0 MPH)
Yoshinari Nara scores
Josh Stuck to third
Runner from 3rd tries for Home, SAFE, throw by RF to home
Batting: RHB Wally Cangro 0-0: Ball
1-0: Ground out 4-3 (Groundball, 4, EV 86.9 MPH)
Top of the 9th over - 2 runs, 1 hit, 1 error, 1 left on base; Frisco 16 - Portland 3
BOTTOM OF THE 9TH
Portland Sea Dogs batting - Pitching for Frisco RoughRiders : RHP Aaron Munt
Batting: LHB Keith Rice 0-0: SINGLE (Groundball, 34D, EV 99.4 MPH)
Batting: LHB Dave Reyes 0-0: Foul Ball, location: 2F
0-1: Foul Ball, location: 2F
0-2: Ball
1-2: Foul Ball, location: 2F
1-2: Ball
2-2: Foul Ball, location: 2F
2-2: Ball
3-2: Strikes out swinging
Pinch Hitting: LHB Sergio Tinoco 0-0: Ball
1-0: Fly out, F8 (Flyball, 78M, EV 85.6 MPH)
Batting: RHB Frank Sokolosky 0-0: Called Strike
0-1: Ground out 4-3 (Groundball, 4, EV 88.1 MPH)
Bottom of the 9th over - 0 runs, 1 hit, 0 errors, 1 left on base; Frisco 16 - Portland 3
Sunday, July 16th , 2023 - OOTP Baseball 24.6 Build 69